Map: Nightshade LE

Players

A.I. 1 (Very Easy)

  • Race: Terran Terran
  • Spawn Location: 11:00

Drift - Winner!

  • Race: Terran Terran
  • League: Master
  • Spawn Location: 5:00

VOD

https://youtu.be/m3Op4HvNIgg

Description

Time

  • Played on: Nov. 29, 2020, 11:06 a.m.
  • Length: 10:47
Show
View Real Time Build Order
Export as new Build Order

A.I. 1 (Very Easy) Terran 

Build Orders: Reaper Expand 

Get SALT Encoding   

  12  0:00  SCV  
  13  0:13  SCV  
  14  0:18  Supply Depot  
  14  0:40  Barracks  
  14  1:03  Command Center  
  14  1:27  Marine  
  14  1:28  Supply Depot  
  14  1:30  Orbital Command  
  15  1:35  Refinery  
  15  1:47  Refinery  
  15  1:55  SCV  
  16  2:07  SCV  
  17  2:15  Reaper  
  18  2:19  SCV  
  18  2:21  SCV  
  19  2:32  SCV  
  19  2:35  SCV  
  20  2:44  SCV  
  21  2:46  Marine  
  21  2:50  SCV  
  23  2:57  SCV  
  24  3:04  SCV  
  25  3:10  Refinery  
  25  3:11  SCV  
  26  3:18  SCV  
  27  3:25  SCV  
  28  3:29  Factory  
  28  3:31  Marine  
  28  3:32  SCV  
  30  3:54  Refinery  
  30  3:55  SCV  
  31  4:02  SCV  
  31  4:05  Supply Depot  
  31  4:09  SCV  
  32  4:15  Starport  
  32  4:16  SCV  
  33  4:20  Marine  
  33  4:23  SCV  
  35  4:31  SCV  
  36  4:38  SCV  
  37  4:42  Supply Depot  
  38  4:45  SCV  
  39  4:52  SCV  
  39  4:53  Starport Tech Lab  
  40  5:00  SCV  
  41  5:07  SCV  
  41  5:09  Marine  
  41  5:12  Raven  
  45  5:14  SCV  
  45  5:21  SCV  
  46  5:28  SCV  
  46  5:29  Barracks Tech Lab  
  47  5:39  Hellion  
  47  5:40  SCV  
  47  5:41  Supply Depot  
  46  5:47  SCV  
  43  5:54  SCV  
  43  5:55  Raven  
  41  6:01  SCV  
  41  6:07  Hellion  
  41  6:08  SCV  
  39  6:16  SCV  
  34  6:23  SCV  
  30  6:30  SCV  
  27  6:36  Marine  
  27  6:37  SCV, Raven  
  25  6:45  SCV  
  23  6:52  SCV  
  23  6:59  SCV  
  22  7:04  Marine  
  22  7:06  SCV  
  23  7:13  SCV  
  24  7:20  Raven  
  26  7:26  Orbital Command  
  24  7:34  Hellion  
  24  7:36  Supply Depot  
  23  7:51  SCV  
  20  8:02  Hellion  
  20  8:03  Raven  
  20  8:04  SCV  
  2  8:46  Viking  
Show
View Real Time Build Order
Export as new Build Order

Drift Terran - Winner!

Build Orders: Reaper Expand, Mech 

Get SALT Encoding   

  12  0:00  SCV  
  13  0:12  SCV  
  14  0:17  Supply Depot  
  14  0:24  SCV  
  15  0:38  SCV  
  15  0:40  Barracks  
  16  0:45  Refinery  
  16  0:50  SCV  
  17  1:02  SCV  
  18  1:15  SCV  
  19  1:27  Reaper  
  19  1:28  Orbital Command  
  20  1:40  Command Center  
  20  1:51  Supply Depot  
  20  1:54  SCV  
  21  1:59  Marine  
  22  2:06  SCV  
  23  2:12  Factory  
  23  2:17  Refinery  
  23  2:18  SCV  
  23  2:21  Barracks Reactor  
  24  2:33  SCV  
  25  2:45  SCV  
  26  2:54  Orbital Command  
  26  2:56  Starport  
  26  3:00  SCV  
  26  3:04  Hellion x2  
  31  3:06  Marine  
  31  3:12  SCV  
  33  3:18  Supply Depot  
  33  3:21  SCV  
  33  3:24  SCV  
  33  3:25  Hellion  
  33  3:26  Hellion  
  39  3:33  SCV  
  40  3:35  Fusion Core  
  40  3:36  SCV  
  41  3:45  SCV  
  42  3:49  SCV  
  43  3:57  SCV  
  43  3:59  Command Center  
  43  4:01  SCV  
  45  4:05  Starport Tech Lab  
  45  4:09  SCV, Supply Depot  
  46  4:13  SCV  
  47  4:21  SCV  
  47  4:23  Battlecruiser  
  54  4:31  Refinery, SCV  
  55  4:33  Refinery  
  55  4:34  Hellion  
  55  4:35  Hellion  
  59  4:39  Supply Depot  
  59  4:41  SCV  
  59  4:43  SCV, Barracks Tech Lab  
  61  4:53  SCV  
  61  4:58  Factory  
  62  5:00  Factory  
  62  5:01  SCV  
  62  5:05  SCV  
  64  5:12  Orbital Command, Supply Depot  
  64  5:13  SCV  
  65  5:17  SCV  
  65  5:20  Hellion x2  
  70  5:23  Armory  
  70  5:29  SCV x2  
  70  5:30  Armory  
  72  5:41  SCV  
  72  5:42  SCV, Orbital Command  
  74  5:49  Supply Depot  
  74  5:54  Supply Depot  
  74  5:55  SCV x2  
  74  5:56  Refinery  
  76  5:57  Refinery  
  76  5:58  Cyclone x2  
  76  5:59  Infernal Pre-Igniter, Mag-Field Accelerator  
  76  6:02  Hellion  
  86  6:04  Hellion  
  86  6:07  SCV  
  86  6:08  SCV  
  86  6:11  Terran Vehicle Weapons Level 1  
  88  6:13  SCV  
  89  6:20  SCV x2  
  89  6:22  Terran Vehicle And Ship Armor Level 1  
  89  6:25  SCV  
  92  6:26  Supply Depot x2  
  92  6:31  Engineering Bay  
  92  6:32  SCV x2  
  94  6:34  Cyclone x2  
  94  6:39  Hellion x2  
  104  6:41  SCV  
  105  6:49  SCV, Supply Depot  
  105  6:51  Supply Depot  
  106  7:00  SCV  
  107  7:05  Starport Tech Lab, Barracks Reactor  
  107  7:06  Factory  
  107  7:07  Siege Tank x2  
  107  7:08  Factory  
  117  7:11  Widow Mine x2  
  117  7:12  SCV x3  
  120  7:19  Supply Depot  
  120  7:21  Supply Depot  
  120  7:24  SCV x2  
  120  7:27  SCV  
  123  7:33  Command Center  
  123  7:36  SCV x2  
  125  7:39  SCV  
  126  7:48  SCV  
  126  7:49  SCV  
  126  7:50  Siege Tank x2  
  126  7:51  SCV, Supply Depot  
  135  7:53  Supply Depot  
  140  7:58  Hellion  
  140  8:00  Widow Mine x2  
  140  8:01  SCV  
  145  8:10  Terran Vehicle Weapons Level 2  
  145  8:14  Supply Depot  
  145  8:17  Terran Vehicle And Ship Armor Level 2, Supply Depot  
  145  8:23  Factory  
  145  8:24  Factory  
  145  8:25  Factory  
  145  8:26  Cyclone  
  148  8:29  Siege Tank x2  
  148  8:31  Widow Mine x2  
  155  8:37  Missile Turret  
  155  8:38  Supply Depot  
  155  8:40  Supply Depot  
  155  8:41  Missile Turret  
  155  8:42  Missile Turret  
  155  8:47  Missile Turret  
  155  8:52  Missile Turret  
  155  8:53  Missile Turret  
  161  8:55  Hellion  
  161  8:56  Hellion x2  
  161  8:58  Starport Reactor  
  161  9:10  Factory Tech Lab x3  
  161  9:13  Refinery  
  161  9:15  Siege Tank x2  
  161  9:16  Cyclone, Refinery  
  170  9:23  Planetary Fortress  
  168  9:36  Cyclone x2  
  174  9:47  Cyclone x2  
  180  9:53  Cyclone x2  
  180  9:55  Command Center  
  180  9:56  Hellion x3  
  192  10:00  Command Center  
  192  10:01  Hellion  
  194  10:08  Cyclone x2  
  200  10:21  Fusion Core  
  200  10:22  Starport  
  200  10:24  Starport  
Tags
 
Composition
Mech
League
Master
Matchup
TvT
Race
Terran
Spawn Locations
Cross Positions
Add a new tag
Caveats
  • Supply blocks, unpowered buildings, or Contaminate may cause inaccurate times.
  • Supply counts are checked every 10 seconds.